 Dungeon Crawl Stone Soup version 0.17-a0-1731-g129c023 (webtiles) character file.

3171 George the Carver (level 9, -1/105 HPs)
             Began as a Minotaur Gladiator on Aug 29, 2015.
             Was a Priest of Okawaru.
             Slain by an unseen horror (2 damage)
             ... on level 10 of the Dungeon.
             The game lasted 00:26:07 (9923 turns).

George the Carver (Minotaur Gladiator)              Turns: 9923, Time: 00:26:07

Health: -1/105     AC: 10    Str: 25    XL:     9   Next: 63%
Magic:  14/14      EV: 17    Int: 10    God:    Okawaru [***...]
Gold:   402        SH:  0    Dex: 19    Spells: 0 memorised, 8 levels left

rFire  . . .     SeeInvis .     J - +1 falchion (holy)
rCold  . . .     Clarity  +     T - +0 scale mail {MR+}
rNeg   . . .     SustAt   +     (no shield)
rPois  .         Gourm    .     c - +1 hat
rElec  .         Spirit   .     Y - +0 cloak
rCorr  .         Warding  .     u - +1 pair of gloves
rMut   .         Stasis   .     (no boots)
MR     +....                    (no amulet)
Stlth  ..........               V - +5 ring of intelligence
                                q - ring of sustain attributes

@: agile, berserking, very quick, somewhat resistant to hostile enchantments,
extremely unstealthy
A: retaliatory headbutt, hooves 2, horns 2, clarity
a: Heroism, Renounce Religion


You were on level 10 of the Dungeon.
You worshipped Okawaru.
Okawaru was most pleased with you.
You were not hungry.

You visited 2 branches of the dungeon, and saw 11 of its levels.

You collected 402 gold pieces.

Inventory:

Hand weapons
 J - a +1 falchion of holy wrath (weapon)
 Z - a +0 blowgun
Missiles
 d - 4 throwing nets
 g - 10 tomahawks (quivered)
 Q - 22 poisoned needles
Armour
 c - a +1 hat (worn)
 u - a +1 pair of gloves (worn)
 T - a +0 scale mail of magic resistance (worn)
 Y - a +0 cloak (worn)
Jewellery
 q - a ring of sustain attributes (left hand)
 V - a +5 ring of intelligence (right hand)
Magical devices
 K - a wand of lightning (4)
 N - a wand of teleportation (6)
 R - a wand of confusion (20)
 S - a wand of paralysis (0)
Scrolls
 f - 5 scrolls of teleportation
 t - 2 scrolls of blinking
 L - 3 scrolls of remove curse
 P - 2 scrolls of fog
 U - a scroll of enchant weapon
Potions
 h - a potion of flight
 v - a potion of agility
 D - a potion of brilliance
 G - 2 potions of cure mutation
 X - a potion of haste {unknown}
Comestibles
 e - 6 bread rations
 p - 7 meat rations
 O - a slice of pizza
 W - a beef jerky


   Skills:
 + Level 3.2 Fighting
 + Level 12.5 Long Blades
 - Level 2.0 Throwing
 + Level 2.2 Armour
 + Level 3.7 Dodging
 + Level 8.1 Invocations


You had 8 spell levels left.
You didn't know any spells.

Dungeon Overview and Level Annotations

Branches:
Dungeon (10/15)            Temple (1/1) D:7             Orc (0/4) D:10
   Lair: D:8-11

Altars:
Ashenzari
Cheibriados
Dithmenos
Elyvilon
Fedhas
Gozag
Kikubaaqudgha
Makhleb
Nemelex Xobeh
Okawaru
Qazlal
Ru
Sif Muna
Trog
Vehumet
Xom
Yredelemnul
Zin
The Shining One

Annotations:
D:4 George's ghost, average MiGl
D:5 1 runed door


Innate Abilities, Weirdness & Mutations

You reflexively headbutt those who attack you in melee.
You have a pair of horns on your head.
You have hoof-like feet.
You possess an exceptional clarity of mind.


Message History

* * * LOW HITPOINT WARNING * * *
The killer bee closely misses you.
You hit the killer bee.
You kill the killer bee!
Okawaru accepts your kill. Something barely misses you.
You hit something. You kick something. Something hits you.
* * * LOW HITPOINT WARNING * * *
Something hits you.
* * * LOW HITPOINT WARNING * * *
Something hits you but does no damage. Something barely misses you.
You barely miss something. Your headbutt misses something.
Something hits you but does no damage. x2
You slash something! Your headbutt misses something. Something hits you.
* * * LOW HITPOINT WARNING * * *
Drink which item? (? for menu, Esc to quit)
It was a potion of berserk rage.
A red film seems to cover your vision as you go berserk!
You feel yourself moving faster!
You feel mighty! Something hits you.
You die...

##################
.......†..@......#
....#########....# .
#....# #....#### #.
#.........
#..#########..........
#.....................
.......................
.......................


There were no monsters in sight!

Vanquished Creatures
  Grinder (D:5)
  Eustachio (D:4)
  Menkaure (D:5)
  An orc warrior (D:7)
  A sky beast (D:9)
  A black bear (D:10)
  An ogre (D:6)
  5 ice beasts
  3 centaurs
  A big kobold (D:7)
  3 giant frogs
  3 scorpions
  3 killer bees (D:10)
  A crimson imp (D:5)
  A wasp zombie (D:5)
  A jelly (D:7)
  6 orc wizards
  5 orc priests
  6 hounds
  2 gnoll shamans
  4 worker ants
  A worker ant zombie (D:7)
  9 adders
  22 gnolls
  A shadow imp (D:8)
  2 oozes
  2 adder skeletons
  A worm (D:2)
  2 giant geckos
  18 orcs
  9 giant cockroaches
  8 goblins
  13 hobgoblins
  8 jackals
  11 bats
  A giant gecko skeleton (D:5)
  A giant gecko zombie (D:6)
  2 giant newts
  A jackal skeleton (D:5)
  12 kobolds
  2 quokkas
  A quokka zombie (D:9)
  14 rats
192 creatures vanquished.

Notes
Turn   | Place    | Note
--------------------------------------------------------------
     0 | D:1      | George the Minotaur Gladiator began the quest for the Orb.
     0 | D:1      | Reached XP level 1. HP: 18/18 MP: 0/0
    51 | D:1      | Reached skill level 4 in Long Blades
   217 | D:1      | Reached XP level 2. HP: 25/25 MP: 1/1
   462 | D:1      | Reached skill level 5 in Long Blades
   626 | D:1      | Reached XP level 3. HP: 30/30 MP: 2/2
  1279 | D:2      | Reached XP level 4. HP: 35/37 MP: 3/3
  1543 | D:3      | Reached skill level 6 in Long Blades
  1675 | D:3      | Reached skill level 7 in Long Blades
  1675 | D:3      | Reached XP level 5. HP: 37/42 MP: 4/4
  2032 | D:3      | Found a faded altar to an unknown god.
  2280 | D:3      | Reached skill level 8 in Long Blades
  2403 | D:3      | Found an ancient bone altar of Kikubaaqudgha.
  2403 | D:3      | Found a shadowy altar of Dithmenos.
  2406 | D:3      | Reached XP level 6. HP: 50/50 MP: 5/5
  2896 | D:4      | Found an iron altar of Okawaru.
  2904 | D:4      | Became a worshipper of Warmaster Okawaru
  2931 | D:4      | Found a stormy altar of Qazlal.
  2955 | D:4      | Reached skill level 1 in Invocations
  3593 | D:4      | Noticed Eustachio
  3609 | D:4      | Noticed George's ghost (average MiGl)
  4142 | D:4      | Killed Eustachio
  4142 | D:4      | Reached skill level 9 in Long Blades
  4142 | D:4      | Reached XP level 7. HP: 53/56 MP: 6/8
  4209 | D:4      | Acquired Okawaru's first power
  4560 | D:5      | Entered Level 5 of the Dungeon
  4845 | D:5      | Noticed Menkaure
  4851 | D:5      | Killed Menkaure
  5055 | D:5      | Found a glowing silver altar of Zin.
  5055 | D:5      | Found a runed door.
  5055 | D:5      | Noticed an angel
  5143 | D:5      | Reached skill level 10 in Long Blades
  5168 | D:5      | Reached XP level 8. HP: 40/62 MP: 10/10
  5362 | D:5      | Found a burning altar of Makhleb.
  5362 | D:5      | Noticed a balrug
  5365 | D:5      | Noticed a smoke demon
  5440 | D:5      | Noticed Grinder
  5448 | D:5      | Killed Grinder
  5448 | D:5      | Reached skill level 5 in Invocations
  5847 | D:6      | Reached skill level 11 in Long Blades
  6473 | D:6      | Found a shimmering altar of Xom.
  7097 | D:7      | Found a staircase to the Ecumenical Temple.
  7106 | Temple   | Entered the Ecumenical Temple
  7430 | D:7      | Reached XP level 9. HP: 61/68 MP: 13/13
  7996 | D:8      | Reached skill level 12 in Long Blades
  8518 | D:8      | Found a white marble altar of Elyvilon.
  9295 | D:9      | Found a sacrificial altar of Ru.
  9350 | D:9      | Found a bloodstained altar of Trog.
  9383 | D:9      | Found an opulent altar of Gozag.
  9399 | D:9      | Reached skill level 1 in Armour
  9447 | D:9      | Found a glowing golden altar of the Shining One.
  9514 | D:9      | Found a deep blue altar of Sif Muna.
  9752 | D:10     | Entered Level 10 of the Dungeon
  9752 | D:10     | Found a staircase to the Orcish Mines.
  9842 | D:10     | Gained mutation: You have large cloven feet. [potion of mutation]
  9842 | D:10     | Gained mutation: You have hoof-like feet. [potion of mutation]
  9842 | D:10     | Gained mutation: You possess an exceptional clarity of mind. [potion of mutation]
  9922 | D:10     | HP: 1/70 [something (5)]
  9923 | D:10     | Slain by an unseen horror

Vault maps used:
D:1:      elethiomel_arrival_maze, hex_tiny
D:3:      gammafunk_temple_overflow_elements, ecumenical_altar_2
D:4:      okawaru_gym_becter, lemuel_crystal_altar, first_bread, uniq_eustachio
D:5:      makhleb_altar_promises_db, lemuel_angel_altar, uniq_menkaure,
          uniq_grinder
D:6:      basic_altar, serial_curves, eino_curves_03, eino_curves_02
D:7:      temple_pool_a, mrwooster_statue_mirror
D:8:      elyvilon_altar_5
D:9:      nicolae_overflow_crystal_walls, nicolae_ru_sacrificial_ziggurat,
          lemuel_round_altar, lemuel_crystal_altar, lemuel_blue_sif_altar
D:10:     david_lair_generic, minmay_orc_entry_temple_small
Temple:   minmay_temple_bridge_a_8

Action                   |  1- 3 |  4- 6 |  7- 9 || total
-------------------------+-------+-------+-------++-------
Melee: Long sword        |    84 |   144 |       ||   228
       Falchion          |       |       |   343 ||   343
Throw: Tomahawk          |       |    18 |     4 ||    22
Evoke: Wand              |       |       |     3 ||     3
  Use: Scroll            |       |    14 |     8 ||    22
       Potion            |       |       |     5 ||     5
 Stab: Confused          |       |       |     1 ||     1
       Paralysed         |       |       |     3 ||     3
  Eat: Chunk             |     1 |     8 |    15 ||    24
       Fruit             |       |       |     5 ||     5
